[Event "Festival Groningen-A 2024"]
[Site "Groningen"]
[Date "2024.12.26"]
[Round "5.12"]
[White "Van Foreest, Machteld"]
[Black "Dolzhykova, Kateryna"]
[Result "1-0"]
[ECO "C11"]
[WhiteElo "2309"]
[BlackElo "2322"]
[Annotator "RC"]
[PlyCount "79"]
[EventDate "2024.12.21"]
[EventType "swiss"]
[EventCountry "NED"]
[SourceTitle "playchess.com"]
[Source "ChessBase"]
[SourceQuality "1"]
[TimeControl "40/5400+30:1800+30"]

1. e4 e6 2. d4 d5 3. Nc3 Nf6 4. e5 Nfd7 5. f4 c5 6. Nf3 Nc6 7. Be3 Qb6 8. Qd2 Qxb2 9. Rb1 Qa3 10. Be2 a6 11. O-O cxd4 12. Nxd4 Nxd4 13. Bxd4 Bc5 14. Bxc5 Qxc5+ 15. Kh1 O-O 16. Bd3 Qa5 17. Qe1 Re8 18. Rf3 Nf8 19. Qh4 Qd8 20. Qh5 g6 21. Qh6 f5 22. exf6 Qxf6 23. Nd1 Qg7 24. Qh4 e5 25. fxe5 Rxe5 26. Ne3 Be6 27. a4 b5 28. axb5 axb5 29. Qd4 Ra4 30. Qc5 Bf7 31. Rbf1 d4 32. Qc7 Ra1 33. Rxa1 Rxe3 34. Rf2 Be8 35. Qd6 Ne6 36. Raf1 Qc7 37. Qb4 Bc6 38. Bxb5 Qb8 39. Rf8+ Nxf8 40. Bc4+ 1-0

[Event "Festival Groningen-A 2024"]
[Site "Groningen"]
[Date "2024.12.26"]
[Round "5.13"]
[White "De Boer, Eelke"]
[Black "Nicolai, Amir"]
[Result "1-0"]
[ECO "B31"]
[WhiteElo "2426"]
[BlackElo "2156"]
[Annotator "TA"]
[PlyCount "101"]
[EventDate "2024.12.21"]
[EventType "swiss"]
[EventCountry "NED"]
[SourceTitle "playchess.com"]
[Source "ChessBase"]
[SourceQuality "1"]
[TimeControl "40/5400+30:1800+30"]

1. e4 c5 2. Nf3 Nc6 3. Bb5 g6 4. O-O Bg7 5. Bxc6 dxc6 6. d3 Nf6 7. a4 a5 8. Be3 Nd7 9. Qc1 {[%emt 0:00:28] White has an edge.} h6 10. Nfd2 Qc7 11. f4 g5 12. Nf3 (12. fxg5 $2 hxg5 13. g3 Ne5 $19) 12... Nf8 13. f5 g4 14. Ne1 Be5 15. Bf4 (15. Bxh6 Bxh2+ 16. Kf2 e6 $19) 15... Nh7 (15... b6 $11) 16. Na3 (16. Bxh6 Bxh2+ 17. Kf2 Nf6 $17) (16. Bxe5 $16 Qxe5 17. Na3 (17. Qxh6 $2 Qxb2 18. Ra3 Nf8 $19)) 16... Bxf4 $14 17. Qxf4 Qxf4 18. Rxf4 h5 19. Nc4 Kd8 20. Ne5 Rf8 21. h3 gxh3 22. g3 (22. Rh4 $16) 22... Bd7 23. Rh4 {[%emt 0:03:01] White has more active pieces. The black rooks are passive.} Nf6 $1 24. Rxh3 e6 $1 25. Nxd7 Kxd7 26. fxe6+ Kxe6 ({Better is} 26... fxe6 $11 27. Ng2 Rh8) 27. Ng2 Rg8 28. b3 Rg5 29. Kf2 Rag8 30. Kf3 Ke5 31. Ne3 (31. Nf4 $14) 31... Kd4 $1 $11 32. Nc4 Kc3 33. Nxa5 b6 34. Nc4 b5 35. axb5 cxb5 36. Ne3 {[%emt 0:00:04] Black must now prevent Ra2.} Ng4 37. Nf5 Kxc2 38. Ke2 (38. Ne7 $11 Rd8 (38... Kb2 39. Rhh1 $11) 39. Nd5) 38... Ne5 (38... Kxb3 39. Rb1+ Ka4 40. Rhh1 Rxf5 41. exf5 $16) (38... Re8 $1 $15 39. Nd6 Re6 40. Nxb5 Rf5 (40... Kxb3 $2 41. Rhh1 $18) 41. Ra2+ Kxb3) 39. Ne3+ Kxb3 (39... Kb2 $11 40. Rhh1 Rxg3) 40. Rhh1 $1 $14 {[%emt 0:00:10] [#] Intending Rhb1+ and mate.} Nxd3 $2 {[%emt 0:00:27][%mdl 8192] Black cannot hold the game after this.} 41. Kxd3 $18 c4+ (41... Rd8+ $142 42. Ke2 Rb8 43. Rhb1+ Kc3) 42. Kd4 Rd8+ 43. Nd5 Rxg3 44. Rhb1+ (44. Rxh5 Rd3+ 45. Kc5 Rc8+ 46. Kxb5 Kb2 $14) 44... Kc2 45. Rxb5 Rb3 46. Rc5 (46. Kxc4 Rxb5 47. Kxb5 Re8 $18) 46... c3 47. Ra2+ Kb1 (47... Kd1 $142 48. Rxc3 Rxc3 49. Kxc3 h4) 48. Rf2 f5 49. exf5 {[%emt 0:00:00] White mates.} Rb2 50. Rf1+ Ka2 51. Kc4 {[%emt 0:00:00] Weighted Error Value: White=0.13 (very precise) /Black=0.42.  Loses game:     	---       	Black=1      Mistake:       	White=4     	Black=6      Inaccurate:     	White=2     	Black=4      OK:         	White=10    	Black=11     Best:        	White=3     	Black=3      Strong:       	White=1     	Black=3} (51. Kxc3 $142 Rb3+ 52. Kc4 Rdb8 53. Ra5+ Kb2 54. Rf2+ Kb1 55. f6 (55. Nc3+ Rxc3+ 56. Kxc3 Rc8+ 57. Kd4 Rd8+ 58. Rd5 Rg8 59. f6 Rg4+ 60. Kc3 Rg3+ 61. Rd3 Rg1) 55... Rh3 56. Nc3+ Rxc3+ 57. Kxc3) 1-0

[Event "Festival Groningen-A 2024"]
[Site "Groningen"]
[Date "2024.12.26"]
[Round "5.14"]
[White "Stijve, Theo"]
[Black "Vijayakumar, Rishi"]
[Result "1/2-1/2"]
[ECO "C78"]
[WhiteElo "2396"]
[BlackElo "2204"]
[Annotator "TA"]
[PlyCount "76"]
[EventDate "2024.12.21"]
[EventType "swiss"]
[EventCountry "NED"]
[SourceTitle "playchess.com"]
[Source "ChessBase"]
[SourceQuality "1"]
[TimeControl "40/5400+30:1800+30"]

1. e4 e5 2. Nf3 Nc6 3. Bb5 a6 4. Ba4 Nf6 5. O-O b5 6. Bb3 Bc5 7. a4 Rb8 8. Nxe5 Nxe5 9. d4 Bxd4 $1 10. Qxd4 d6 $1 11. f4 Nc6 12. Qc3 Ne7 13. axb5 axb5 14. Ra7 c5 15. e5 Nfd5 $1 16. Bxd5 Nxd5 17. Qf3 Qb6 18. Rxf7 Kxf7 19. Qxd5+ Be6 20. Qd1 Bf5 21. Qd5+ Be6 22. Qd1 Bf5 23. Qh5+ {[%emt 0:00:08][%mdl 1024] White has compensation.} g6 24. Qh6 c4+ (24... Bxc2 25. f5 Bxf5 (25... Bxb1 26. fxg6+ Ke6 27. gxh7+ Kd5 28. Rd1+ $18) 26. Rxf5+ Ke8 (26... gxf5 $2 27. Qf6+ Ke8 28. Qe6+ Kd8 29. exd6 $18) 27. Nc3 $18) 25. Kh1 Qd8 (25... Bxc2 26. f5 Bxf5 (26... Bxb1 $2 27. e6+ Kf6 28. Re1 $18) 27. Rxf5+ Kg8 (27... gxf5 $2 28. Qf6+ Ke8 29. Qe6+ Kd8 30. exd6 $18) 28. e6 $18) 26. g4 Be4+ (26... Bxc2 27. f5 Kg8 (27... Bxb1 $2 28. fxg6+ Ke6 29. g7+ Bg6 30. gxh8=R $18) (27... Be4+ $2 28. Kg1 $16) 28. e6 $16) 27. Kg1 {[%emt 0:00:44] Strongly threatening f5.} Qf8 28. Qh3 $1 h5 {[%emt 0:20:01] Threatens to win with ...Qc8.} 29. Qe3 $1 Bxc2 (29... d5 $6 30. Nc3 Qe7 31. f5 $18) 30. f5 gxf5 $15 31. Nc3 (31. e6+ $17 Kg8 32. e7) 31... dxe5 32. Ne4 {[%emt 0:17:36] [#] Dodges Qd6} f4 $1 (32... hxg4 $2 33. Rxf5+ Ke6 34. Rxf8 Bxe4 35. Rxb8 Rxb8 36. Qxe4 $18) (32... Bxe4 33. Qxe4 Qd6 (33... Qc5+ 34. Be3 $11) 34. Qxf5+ Ke8 35. Be3 $17) 33. Ng5+ {[%emt 0:01:16] [#]} Kg6 $1 (33... Kf6 34. Qc3 Kxg5 35. Qxe5+ Kg6 (35... Kxg4 36. Rxf4+) 36. Bxf4 $17) 34. Qxe5 Qf6 {[%emt 0:00:09] Prevents Ne6} (34... hxg4 $2 35. Ne6 (35. Rxf4 Bf5 $14) (35. Bxf4 Re8 $19) 35... Qf6 36. Nxf4+ (36. Bxf4 $2 {perishes.} Rbe8 $19) 36... Kf7 37. Nh5 $18 (37. Qc7+ Kg8 $18)) 35. gxh5+ (35. Nf7 $142) 35... Rxh5 $19 36. Qxf6+ Kxf6 37. Rxf4+ Bf5 ({Stronger than} 37... Kxg5 38. Rf8+ (38. Rxc4+ Kf6 $17) 38... Kg4 39. Rxb8 $11) 38. Ne4+ Ke6 1/2-1/2

[Event "Festival Groningen-A 2024"]
[Site "Groningen"]
[Date "2024.12.26"]
[Round "5.15"]
[White "Kollen, Zyon"]
[Black "Mostertman, Milan"]
[Result "1-0"]
[ECO "C48"]
[WhiteElo "2344"]
[BlackElo "2244"]
[Annotator "TA"]
[PlyCount "113"]
[EventDate "2024.12.21"]
[EventType "swiss"]
[EventCountry "NED"]
[SourceTitle "playchess.com"]
[Source "ChessBase"]
[SourceQuality "1"]
[TimeControl "40/5400+30:1800+30"]

1. e4 e5 2. Nf3 Nc6 3. Bb5 Nf6 4. d3 Bc5 5. Nc3 a6 6. Ba4 d6 7. Bg5 h6 8. Be3 b5 {[%emt 0:07:03] and ...Bxe3 should not be overlooked} 9. Bb3 Bxe3 10. fxe3 Na5 11. Nd5 Bb7 12. Nxf6+ Qxf6 13. O-O Nxb3 14. axb3 Qe6 15. Qe1 O-O 16. Nh4 d5 17. exd5 Qxd5 18. Qg3 Bc8 19. Rf2 (19. Qf3 {simplifies} Qxf3 20. Nxf3 e4 21. dxe4 Bb7 22. e5) 19... Be6 20. Raf1 e4 (20... Qc5 $11) 21. d4 $1 $14 (21. Qxc7 exd3 22. Nf5 Bxf5 23. Rxf5 Qe6 24. cxd3 Qxe3+ (24... Qxb3 25. h3 $15) 25. Kh1 Qxd3 $17) 21... Qg5 22. Nf5 g6 23. h4 Qxg3 24. Nxg3 Bd5 25. h5 a5 26. Rf6 Kg7 27. Ne2 b4 {[%emt 0:02:47] Repels Nc3} 28. hxg6 fxg6 29. Rxf8 Rxf8 {[%emt 0:00:03][%mdl 4096] Endgame KRB-KRN} 30. Nf4 Bf7 31. Ra1 Ra8 32. Ne2 Ra6 33. Kf2 Kf6 34. c4 g5 35. d5 $1 Be8 36. Nd4 Bd7 {[%emt 0:00:26] [#] Dodges Ne6} 37. Kg3 (37. c5 $1 $16 {[%cal Rc5c6] And now c6 would win.} Bg4 38. c6) 37... h5 ({Black should play} 37... Ke5 $11) 38. Rf1+ ({Better is} 38. c5 $1 $14) 38... Kg7 39. Nf5+ Bxf5 40. Rxf5 $11 {[%emt 0:00:01] KR-KR} Kg6 $1 41. Re5 a4 (41... Rf6 $11 {keeps the balance.}) 42. bxa4 $16 (42. Rxe4 $2 a3 43. bxa3 bxa3 $19) 42... Rxa4 43. Rxe4 Ra2 44. Re6+ Kf7 {[%emt 0:01:12] [#]} 45. Rc6 (45. b3 $142 $1) 45... Rxb2 46. e4 (46. Rxc7+ Kf6 $11) (46. c5 $16 b3 (46... h4+ $2 47. Kf3 $18) 47. Rxc7+ Kf6 48. d6) 46... Rc2 $2 (46... b3 $11 {and Black is okay.}) 47. e5 $18 ({Weaker is} 47. Rxc7+ Kf6 $11) 47... b3 48. Rxc7+ Kg6 49. e6 b2 50. Rb7 Kf6 $2 (50... h4+ 51. Kh3 Rd2) 51. e7 Kf7 52. d6 h4+ 53. Kf3 g4+ 54. Ke3 Rxg2 55. Rb8 Rg3+ 56. Kd4 Rd3+ 57. Kxd3 1-0

[Event "Festival Groningen-A 2024"]
[Site "Groningen"]
[Date "2024.12.26"]
[Round "5.16"]
[White "Labruyere, Roger"]
[Black "Noordenbos, Daan"]
[Result "1-0"]
[ECO "C90"]
[WhiteElo "2344"]
[BlackElo "2130"]
[Annotator "TA"]
[PlyCount "55"]
[EventDate "2024.12.21"]
[EventType "swiss"]
[EventCountry "NED"]
[SourceTitle "playchess.com"]
[Source "ChessBase"]
[SourceQuality "1"]
[TimeControl "40/5400+30:1800+30"]

1. e4 e5 2. Nf3 Nc6 3. Bb5 a6 4. Ba4 Nf6 5. O-O Be7 6. Re1 b5 7. Bb3 d6 8. c3 Na5 9. Bc2 c5 10. d4 Qc7 11. Nbd2 O-O 12. Nf1 cxd4 13. cxd4 Bg4 14. Ne3 Bxf3 15. Qxf3 exd4 (15... Nc6 $1 $11) 16. Nf5 $14 Rfe8 {[%emt 0:18:56] [#]} 17. Qg3 {[%emt 0:33:56] White has more active pieces.} Bf8 18. Bg5 $1 Nh5 $1 19. Qd3 {[%emt 0:06:46][%mdl 1024] White has compensation.} g6 {[%emt 0:08:53] [#] Prevents g4.} (19... Nc4 $11) 20. Bd1 $1 $36 {[%emt 0:03:55][%mdl 2048] Threatens to win with Bxh5. White is on the roll.} (20. Nxd4 $6 Bg7 21. Rac1 Qb6 $11) 20... f6 21. Bh4 $2 (21. Bd2 $16 {and life is bright.}) 21... Nf4 $17 22. Qd2 (22. Qxd4 gxf5 23. Bf3 Nc6 24. Qxf6 Bg7 $19) 22... Ne6 (22... d5 $17 23. Nxd4 dxe4) 23. Nxd4 $14 Nc4 (23... Nc5 $1 $11 {remains equal.}) 24. Nxe6 $16 Rxe6 $2 (24... Qc8 $16 25. Qc3 Qxe6 26. Bxf6 a5) 25. Qd5 $1 $18 Rae8 {[%emt 0:00:08] [#]} 26. Bg4 $1 (26. Bxf6 Qc5 27. Qxc5 dxc5 $16) 26... f5 $2 (26... Qf7 27. Bxe6 Rxe6) 27. exf5 Qc6 28. Bf3 (28. Qxc6 $2 {is a self mate.} Rxe1+ 29. Rxe1 Rxe1#) ({Weaker is} 28. Rxe6 Qxd5 29. Rxe8 Qc6 $16) 1-0

[Event "Festival Groningen-A 2024"]
[Site "Groningen"]
[Date "2024.12.26"]
[Round "5.17"]
[White "Van Roon, Sjoerd"]
[Black "Okuno, Rion"]
[Result "0-1"]
[ECO "B90"]
[WhiteElo "2285"]
[BlackElo "2027"]
[Annotator "RC"]
[PlyCount "112"]
[EventDate "2024.12.21"]
[EventType "swiss"]
[EventCountry "NED"]
[SourceTitle "playchess.com"]
[Source "ChessBase"]
[SourceQuality "1"]
[TimeControl "40/5400+30:1800+30"]

1. e4 c5 2. Nf3 d6 3. d4 cxd4 4. Nxd4 Nf6 5. Nc3 a6 6. Be3 e5 7. Nb3 Be7 8. f3 Be6 9. Qd2 h5 10. Nd5 Nxd5 11. exd5 Bf5 12. Be2 a5 13. Bb5+ Nd7 14. a4 O-O 15. O-O Nf6 16. c4 Bd7 17. Rfd1 b6 18. Qf2 Rb8 19. Nc1 e4 20. Ne2 exf3 21. gxf3 Bxb5 22. cxb5 Nd7 23. Nd4 Bh4 24. Qg2 Qf6 25. Nc6 Rbe8 26. Bd4 Qg5 27. Rd2 Qxg2+ 28. Rxg2 Bf6 29. Rd1 Bxd4+ 30. Nxd4 Re5 31. Nc6 Re3 32. f4 Rfe8 33. Nd4 Re1+ 34. Rxe1 Rxe1+ 35. Kf2 Re4 36. Nc6 Rxf4+ 37. Ke3 Rxa4 38. Ne7+ Kf8 39. Nc8 Nf6 40. Rd2 Rc4 41. Nxb6 Rc5 42. Na4 Nxd5+ 43. Ke4 Nf6+ 44. Kf3 Rxb5 45. Rxd6 Rb3+ 46. Kg2 Rb4 47. Nb6 Rxb2+ 48. Kh3 Ng4 49. Nd5 g6 50. Ra6 Rxh2+ 51. Kg3 Ra2 52. Kh4 Kg7 53. Nc3 Ra3 54. Ne4 a4 55. Ng5 Nh6 56. Ne4 Ra1 0-1

[Event "Festival Groningen-A 2024"]
[Site "Groningen"]
[Date "2024.12.26"]
[Round "5.18"]
[White "Grooten, Tommy"]
[Black "De Jong, Migchiel"]
[Result "1/2-1/2"]
[ECO "A40"]
[WhiteElo "2153"]
[BlackElo "2275"]
[Annotator "RC"]
[PlyCount "67"]
[EventDate "2024.12.21"]
[EventType "swiss"]
[EventCountry "NED"]
[SourceTitle "playchess.com"]
[Source "ChessBase"]
[SourceQuality "1"]
[TimeControl "40/5400+30:1800+30"]

1. d4 e6 2. c4 Bb4+ 3. Bd2 a5 4. a3 Bxd2+ 5. Qxd2 Nf6 6. Nc3 d5 7. e3 O-O 8. cxd5 exd5 9. Bd3 b6 10. Nf3 Bb7 11. O-O Qe7 12. Ne5 c5 13. Rae1 Nbd7 14. f4 Rad8 15. Qf2 Ne4 16. Qc2 Ndf6 17. Rc1 Rc8 18. Bxe4 dxe4 19. Qa4 Rfd8 20. Rfd1 cxd4 21. Rxd4 Nd5 22. Nc4 Nxf4 23. Nxb6 Rxc3 24. Rxd8+ Qxd8 25. Rxc3 Ne2+ 26. Kh1 Nxc3 27. bxc3 h6 28. Qd4 Qh4 29. h3 Kh7 30. Nc4 Bc8 31. Kh2 Bxh3 32. gxh3 Qf2+ 33. Kh1 Qf1+ 34. Kh2 1/2-1/2

[Event "Festival Groningen-A 2024"]
[Site "Groningen"]
[Date "2024.12.26"]
[Round "5.19"]
[White "Ponnio, Toni"]
[Black "Van Rootselaar, Rik"]
[Result "0-1"]
[ECO "D77"]
[WhiteElo "2111"]
[BlackElo "2265"]
[Annotator "RC"]
[PlyCount "116"]
[EventDate "2024.12.21"]
[EventType "swiss"]
[EventCountry "NED"]
[SourceTitle "playchess.com"]
[Source "ChessBase"]
[SourceQuality "1"]
[TimeControl "40/5400+30:1800+30"]

1. Nf3 Nf6 2. g3 g6 3. Bg2 Bg7 4. O-O O-O 5. d4 d5 6. c4 dxc4 7. Na3 c3 8. bxc3 c5 9. Re1 Nc6 10. Bb2 Qb6 11. Nc4 Qb5 12. Qb3 Qa6 13. Nce5 Be6 14. Qa3 Qxa3 15. Bxa3 Ne4 16. Nxc6 bxc6 17. Ne5 Bxe5 18. Bxe4 cxd4 19. Bxc6 Rac8 20. cxd4 Bxd4 21. Rac1 Rc7 22. Red1 Bf6 23. Bd5 Rxc1 24. Bxc1 Rd8 25. e4 Bxd5 26. Rxd5 Rxd5 27. exd5 Bd4 28. Ba3 Kf8 29. Kf1 Ke8 30. Ke2 Kd7 31. f3 Be5 32. Kd3 h5 33. Ke4 Bc7 34. Bc5 a6 35. f4 e6 36. Kd4 f6 37. dxe6+ Kxe6 38. Ke4 Bb8 39. Be3 Bc7 40. Bc5 Ba5 41. Be3 Be1 42. Bg1 Bc3 43. Be3 Bb2 44. Bd4 Bxd4 45. Kxd4 Kf5 46. Kd5 g5 47. fxg5 fxg5 48. h3 h4 49. gxh4 gxh4 50. Kd4 Kf4 51. Kd3 a5 52. Kd4 a4 53. a3 Kg3 54. Ke3 Kxh3 55. Kf3 Kh2 56. Kf2 h3 57. Kf1 Kg3 58. Kg1 Kf3 0-1

[Event "Festival Groningen-A 2024"]
[Site "Groningen"]
[Date "2024.12.26"]
[Round "5.20"]
[White "Ratsma, Midas"]
[Black "Mareau, Timothe"]
[Result "0-1"]
[ECO "A80"]
[WhiteElo "2326"]
[BlackElo "2168"]
[Annotator "RC"]
[PlyCount "60"]
[EventDate "2024.12.21"]
[EventType "swiss"]
[EventCountry "NED"]
[SourceTitle "playchess.com"]
[Source "ChessBase"]
[SourceQuality "1"]
[TimeControl "40/5400+30:1800+30"]

1. d4 f5 2. e3 Nf6 3. Be2 d6 4. b4 e5 5. Bb2 Nbd7 6. Nh3 g6 7. O-O Bg7 8. dxe5 Nxe5 9. c4 Ne4 10. Qb3 Qe7 11. Rd1 O-O 12. Nf4 Qf7 13. Nc3 Nxc3 14. Bxc3 Bh8 15. h4 h6 16. Qb2 g5 17. h5 Kh7 18. Nd5 f4 19. exf4 gxf4 20. Rd4 f3 21. Rf4 Qg8 22. Bf1 Bf5 23. Ne3 fxg2 24. Be2 Qg5 25. Rxf5 Rxf5 26. Qb1 Raf8 27. Bxe5 Kg8 28. Bxh8 Rxf2 29. Qb2 Rf1+ 30. Kh2 g1=Q+ 0-1

[Event "Festival Groningen-A 2024"]
[Site "Groningen"]
[Date "2024.12.26"]
[Round "5.21"]
[White "Boeren, Jurriaan"]
[Black "Schoorl, Rob"]
[Result "0-1"]
[ECO "C78"]
[WhiteElo "2147"]
[BlackElo "2295"]
[Annotator "RC"]
[PlyCount "120"]
[EventDate "2024.12.21"]
[EventType "swiss"]
[EventCountry "NED"]
[SourceTitle "playchess.com"]
[Source "ChessBase"]
[SourceQuality "1"]
[TimeControl "40/5400+30:1800+30"]

1. e4 e5 2. Nf3 Nc6 3. Bb5 a6 4. Ba4 Nf6 5. O-O b5 6. Bb3 Bb7 7. Re1 Bc5 8. c3 d6 9. d4 Bb6 10. Be3 O-O 11. Nbd2 h6 12. h3 exd4 13. cxd4 Nb4 14. Qb1 c5 15. d5 c4 16. Bc2 Nd7 17. a3 Nxc2 18. Qxc2 Rc8 19. Nf1 Nc5 20. Ng3 Nd3 21. Re2 Bxe3 22. Rxe3 Qf6 23. Qc3 Qxc3 24. bxc3 Nc5 25. Nf5 Rcd8 26. N3d4 Kh7 27. h4 Rfe8 28. Rae1 g6 29. Ng3 h5 30. R3e2 Re7 31. f3 Rde8 32. Kf1 Nd3 33. Ra1 Nc5 34. Nh1 f5 35. exf5 Rxe2 36. fxg6+ Kxg6 37. Nxe2 Re3 38. Nf2 Kf5 39. Rd1 Na4 40. Ne4 Ke5 41. Kf2 Rd3 42. Rc1 Bxd5 43. N4g3 Bf7 44. f4+ Kf6 45. Nd4 Nxc3 46. Rxc3 Rxd4 47. Ke3 Rd1 48. Ne4+ Ke7 49. Nf2 Rg1 50. Kf3 Bd5+ 51. Ke3 Rxg2 52. Rc2 Rg3+ 53. Kd4 Bf7 54. Re2+ Kd7 55. f5 Rxa3 56. f6 Be6 57. Rd2 Rf3 58. Ne4 Rd3+ 59. Rxd3 cxd3 60. Nf2 Bf5 0-1

[Event "Festival Groningen-A 2024"]
[Site "Groningen"]
[Date "2024.12.26"]
[Round "5.22"]
[White "Ivanov, Dmytry"]
[Black "Duijker, Rick"]
[Result "0-1"]
[ECO "A36"]
[WhiteElo "2072"]
[BlackElo "2146"]
[Annotator "RC"]
[PlyCount "140"]
[EventDate "2024.12.21"]
[EventType "swiss"]
[EventCountry "NED"]
[SourceTitle "playchess.com"]
[Source "ChessBase"]
[SourceQuality "1"]
[TimeControl "40/5400+30:1800+30"]

1. c4 Nf6 2. g3 c5 3. Bg2 Nc6 4. Nc3 g6 5. d3 Bg7 6. e4 d6 7. Nge2 h5 8. Bg5 Nh7 9. Be3 Nf8 10. h3 Ne6 11. f4 Ned4 12. O-O Nxe2+ 13. Qxe2 Bd4 14. f5 g5 15. f6 exf6 16. Bxd4 Nxd4 17. Qf2 Be6 18. Rae1 Rh6 19. h4 gxh4 20. Qf4 Rg6 21. Nd5 Bxd5 22. exd5+ Kd7 23. Qxh4 f5 24. Qxh5 Qf6 25. Re3 Rag8 26. Bh3 Rg5 27. Qd1 Rxg3+ 28. Rxg3 Rxg3+ 29. Bg2 Qg5 30. Rf2 a6 31. Qa4+ Kc7 32. Qe8 Rxd3 33. Qxf7+ Kb8 34. Qf8+ Ka7 35. Qxd6 Rd1+ 36. Rf1 Rxf1+ 37. Kxf1 Qc1+ 38. Kf2 Qxb2+ 39. Kg1 Qc1+ 40. Kh2 Qxc4 41. Qf4 Qe2 42. Qc7 Nf3+ 43. Kg3 Qe5+ 44. Qxe5 Nxe5 45. Kf4 Nc4 46. Bf1 b5 47. Bxc4 bxc4 48. Kxf5 c3 49. d6 Kb7 50. Ke6 c2 51. d7 c1=Q 52. d8=Q Qe3+ 53. Kf5 Qf3+ 54. Ke5 Qc6 55. Qf8 Kb6 56. Qb8+ Ka5 57. Qb2 Qa4 58. Kd5 Qb4 59. Qg7 Ka4 60. Qg1 c4 61. Qd1+ Kb5 62. Qc1 c3 63. Qf1+ Ka4 64. Ke6 Qe4+ 65. Kd6 Qd4+ 66. Kc6 Qe4+ 67. Kd6 c2 68. Qxa6+ Kb4 69. Qb6+ Kc3 70. Qb3+ Kd2 0-1

[Event "Festival Groningen-A 2024"]
[Site "Groningen"]
[Date "2024.12.26"]
[Round "5.23"]
[White "Bakija, Alan"]
[Black "Avetisyan, Ani"]
[Result "1/2-1/2"]
[ECO "D31"]
[WhiteElo "2233"]
[BlackElo "2059"]
[Annotator "RC"]
[PlyCount "78"]
[EventDate "2024.12.21"]
[EventType "swiss"]
[EventCountry "NED"]
[SourceTitle "playchess.com"]
[Source "ChessBase"]
[SourceQuality "1"]
[TimeControl "40/5400+30:1800+30"]

1. d4 d5 2. c4 e6 3. Nc3 Nf6 4. cxd5 exd5 5. Bf4 c6 6. e3 Bf5 7. Nge2 Bd6 8. Ng3 Bg6 9. h4 h6 10. Bxd6 Qxd6 11. h5 Bh7 12. Bd3 Bxd3 13. Qxd3 O-O 14. Nf5 Qe6 15. f3 Nbd7 16. g4 b5 17. Kf2 Rfc8 18. Ne2 Nf8 19. Rac1 Rc7 20. Qa3 N8h7 21. Nf4 Qd7 22. Nd3 Ng5 23. Ne5 Qe6 24. Nxc6 Nxf3 25. Nce7+ Rxe7 26. Nxe7+ Kh8 27. Rc6 Nxg4+ 28. Kxf3 Qe4+ 29. Kg3 Qxh1 30. Kxg4 Qe4+ 31. Kg3 b4 32. Qxb4 Qxe3+ 33. Kg2 Re8 34. Rc7 Qg5+ 35. Kf3 Qxh5+ 36. Kg3 Qg5+ 37. Kf3 Qh5+ 38. Kg3 Qg5+ 39. Kf3 Qh5+ 1/2-1/2

[Event "Festival Groningen-A 2024"]
[Site "Groningen"]
[Date "2024.12.26"]
[Round "5.24"]
[White "Sharma, Dinesh K."]
[Black "Ten Dam, Bram"]
[Result "0-1"]
[ECO "B11"]
[WhiteElo "2200"]
[BlackElo "2002"]
[Annotator "RC"]
[PlyCount "108"]
[EventDate "2024.12.21"]
[EventType "swiss"]
[EventCountry "NED"]
[SourceTitle "playchess.com"]
[Source "ChessBase"]
[SourceQuality "1"]
[TimeControl "40/5400+30:1800+30"]

1. e4 c6 2. Nf3 d5 3. Nc3 dxe4 4. Nxe4 Nf6 5. Qe2 Nxe4 6. Qxe4 Qa5 7. Bc4 Bf5 8. Qf4 e6 9. c3 Nd7 10. O-O Be7 11. b4 Qd8 12. Re1 O-O 13. d4 Re8 14. h3 Nf6 15. Ne5 Bg6 16. Qf3 Nd7 17. Nxg6 hxg6 18. g3 Nb6 19. Bb3 Bf6 20. h4 a5 21. bxa5 Rxa5 22. Bd2 Rf5 23. Qg4 c5 24. Be3 cxd4 25. cxd4 Ra5 26. Rad1 Qd7 27. Rc1 Rd8 28. Red1 Qe7 29. Kg2 Rb5 30. Qe2 Ra5 31. Qf3 Qd6 32. Bf4 Qe7 33. Rc7 Qe8 34. Rxb7 Nd5 35. Bd2 Raa8 36. Rc1 Bxd4 37. h5 gxh5 38. Qxh5 Nf6 39. Qh4 g6 40. Bg5 Rdc8 41. Rh1 Qc6+ 42. f3 Rxa2+ 43. Bxa2 Qc2+ 44. Bd2 Qxd2+ 45. Kh3 g5 46. Rd1 Qxd1 47. Qxg5+ Kh8 48. Qh4+ Nh7 49. Rxf7 Qh1+ 50. Kg4 Rg8+ 51. Kh5 Nf6+ 52. Kh6 Be3+ 53. f4 Qxh4+ 54. gxh4 Bxf4# 0-1

[Event "Festival Groningen-A 2024"]
[Site "Groningen"]
[Date "2024.12.26"]
[Round "5.25"]
[White "Grooten, Herman"]
[Black "Zecha, Oscar"]
[Result "1-0"]
[ECO "A46"]
[WhiteElo "2183"]
[BlackElo "2134"]
[Annotator "RC"]
[PlyCount "72"]
[EventDate "2024.12.21"]
[EventType "swiss"]
[EventCountry "NED"]
[SourceTitle "playchess.com"]
[Source "ChessBase"]
[SourceQuality "1"]
[TimeControl "40/5400+30:1800+30"]

1. Nf3 Nf6 2. b3 d6 3. d4 Nbd7 4. Bb2 g6 5. Nbd2 Bg7 6. e4 O-O 7. e5 dxe5 8. dxe5 Ng4 9. Qe2 Qe8 10. h3 Nh6 11. g4 a5 12. Bg2 Nc5 13. Nd4 Kh8 14. f4 Ra6 15. O-O Ne6 16. Nxe6 Rxe6 17. f5 gxf5 18. gxf5 Ra6 19. Be4 Rg8 20. Kh2 Bd7 21. Bd3 Rc6 22. Qe4 Bxf5 23. Rxf5 Nxf5 24. Qxf5 Rg6 25. Nf3 Qc6 26. Be4 Qb5 27. c4 Qb4 28. Rd1 a4 29. Ng5 Rf8 30. Qf4 Qb6 31. Bxg6 fxg6 32. Rd8 Rxd8 33. Nf7+ Kg8 34. Nxd8 h6 35. Qf7+ Kh8 36. Ne6 Qg1+ 1-0

[Event "Festival Groningen-A 2024"]
[Site "Groningen"]
[Date "2024.12.26"]
[Round "5.26"]
[White "Groenewoud, Joel"]
[Black "Ritzerveld, Noah"]
[Result "0-1"]
[ECO "C84"]
[WhiteElo "2058"]
[BlackElo "2182"]
[Annotator "RC"]
[PlyCount "126"]
[EventDate "2024.12.21"]
[EventType "swiss"]
[EventCountry "NED"]
[SourceTitle "playchess.com"]
[Source "ChessBase"]
[SourceQuality "1"]
[TimeControl "40/5400+30:1800+30"]

1. e4 e5 2. Nf3 Nc6 3. Bb5 a6 4. Ba4 Nf6 5. O-O Be7 6. Nc3 b5 7. Bb3 d6 8. a4 b4 9. Nd5 Na5 10. Ba2 Nxd5 11. Bxd5 c6 12. Ba2 c5 13. c3 bxc3 14. bxc3 c4 15. d4 cxd3 16. Qxd3 Be6 17. Ba3 Qc7 18. Nd2 O-O 19. Rfd1 Rfc8 20. Bb4 Bf8 21. Bd5 Nc6 22. a5 Nxb4 23. cxb4 Bxd5 24. Qxd5 Rab8 25. Rab1 Rb5 26. Qd3 d5 27. exd5 Bxb4 28. Ne4 Qxa5 29. Qg3 Rd8 30. h3 f5 31. Ng5 Bd6 32. Ne6 Rd7 33. Rbc1 Rb8 34. Rc6 Qb4 35. Rdc1 g6 36. Rc8+ Kf7 37. Qg5 Rxc8 38. Rxc8 Qe1+ 39. Kh2 e4+ 40. g3 Qxf2+ 41. Kh1 Qf3+ 42. Kh2 h6 43. Qh4 Qf2+ 44. Kh1 f4 45. Ng5+ hxg5 46. Qh7+ Kf6 47. Qh8+ Rg7 48. Qd8+ Kf5 49. g4+ Ke5 50. Qxg5+ Kd4 51. Qf6+ Kxd5 52. Qg5+ Ke6 53. Re8+ Be7 54. Qa5 Qf3+ 55. Kh2 Qg3+ 56. Kh1 Qxh3+ 57. Kg1 Qxg4+ 58. Kf1 Qd1+ 59. Kg2 Qc2+ 60. Kf1 Qd3+ 61. Kg2 f3+ 62. Kg3 f2+ 63. Kg4 Qf3# 0-1